 Seeded DCSS version 0.30-a0-297-g0ec75d9ef4 (webtiles) character file.

Game seed: 11101825915740201366 (custom seed)

34164 purpskrrrp the Brawler (level 13, -17/110 HPs)
             Began as a Troll Fighter on Oct 19, 2022.
             Was a High Priest of Cheibriados.
             Killed from afar by a Hell Sentinel (29 damage)
             ... with damnation
             ... on level 3 of the Abyss.
             The game lasted 00:23:59 (13615 turns).

purpskrrrp the Brawler (Troll Fighter)             Turns: 13615, Time: 00:24:00

Health: -17/110    AC:  9    Str: 57    XL:     13   Next: 40%
Magic:  0/12       EV: 10    Int: 18    God:    Cheibriados [*****.]
Gold:   427        SH: 14    Dex: 23    Spells: 12/12 levels left

rFire   . . .      SeeInvis +      - Unarmed
rCold   + + +      Faith    .    b - +0 kite shield
rNeg    . . .      Spirit   +    L - +4 skin of Zhor {*Englaciate rC+++ SInv}
rPois   .          Reflect  .    (helmet restricted)
rElec   .          Harm     .    C - +0 cloak
rCorr   .          Rampage  .    (gloves unavailable)
Will    .....                    (boots unavailable)
Stlth   ++........               x - amulet of guardian spirit
HPRegen 1.18/turn                f - +6 ring of strength
MPRegen 0.13/turn                j - +6 ring of strength

@: very slow
A: large, unfitting armour, claws 3, regeneration 1, shaggy fur 1, tough skin 1
a: Renounce Religion, Bend Time, Temporal Distortion, Slouch, Step From Time


You were on level 3 of the Abyss.
You worshipped Cheibriados.
Cheibriados was extremely pleased with you.
You visited 2 branches of the dungeon, and saw 15 of its levels.
You visited the Abyss 1 time.
You also visited: Sewer.

You collected 1225 gold pieces.
You spent 798 gold pieces at shops.

Inventory:

Hand Weapons
 w - a +2 mace of distortion
 D - a +6 quarterstaff of chaos
Missiles
 F - 5 throwing nets
Armour
 a - a +0 robe
 b - a +0 kite shield (worn)
 C - a +0 cloak (worn)
 E - +0 steam dragon scales
 L - the +4 skin of Zhor (worn) {*Englaciate rC+++ SInv}
   (You bought it in a shop on level 7 of the Dungeon)

   It radiates cold, occasionally slowing all nearby creatures who are not
   resistant to cold.
   rC:        It renders you almost immune to cold.
   SInv:      It lets you see invisible.
Jewellery
 f - a +6 ring of strength (left claw)
 j - a +6 ring of strength (right claw)
 p - a ring of protection from cold
 t - a ring of ice
 v - a ring of poison resistance
 x - an amulet of guardian spirit (around neck)
 B - a ring of wizardry
 H - a ring of wizardry
 J - a ring of protection from fire
 K - a ring of protection from fire
 M - a +6 ring of dexterity
 N - a ring of positive energy
 R - a ring of protection from fire
 U - a ring of ice
Wands
 y - a wand of digging (2)
 A - a wand of mindburst (2)
 O - a wand of paralysis (2)
 S - a wand of flame (5)
 T - a wand of iceblast (3)
Scrolls
 e - 3 scrolls of vulnerability
 i - 3 scrolls of fear
 k - 2 scrolls of teleportation
 G - 2 scrolls of magic mapping
 V - a scroll of enchant armour {unknown}
Potions
 c - a potion of might
 d - 3 potions of ambrosia
 h - 3 potions of invisibility
 l - 4 potions of curing
 m - 3 potions of cancellation
 n - a potion of degeneration {unknown}
 o - 5 potions of flight
 q - 4 potions of mutation
 r - 3 potions of attraction
 s - 2 potions of resistance {unknown}
 u - 4 potions of brilliance
 z - 4 potions of lignification
 I - 2 potions of haste {unknown}
 P - 2 potions of berserk rage {unknown}
 Q - a potion of magic {unknown}


   Skills:
 - Level 2.4 Fighting
 + Level 3.6 Armour
 - Level 2.4 Dodging
 - Level 14.5 Shields
 * Level 18.7 Unarmed Combat


You had 12 spell levels left.
You didn't know any spells.
Your spell library contained the following spells:

 Spells                   Type           Power      Damage    Failure   Level
 Slow                     Hex            0%         N/A       34%         1
 Blink                    Tloc           0%         N/A       45%         2
 Momentum Strike          Conj/Tloc      0%         3d8       45%         2
 Sublimation of Blood     Necr           0%         N/A       45%         2
 Wereblood                Tmut           0%         N/A       45%         2
 Confusing Touch          Hex            0%         N/A       71%         3
 Lesser Beckoning         Tloc           0%         N/A       71%         3
 Vampiric Draining        Necr           0%         2d6       71%         3
 Summon Hydra             Summ           0%         N/A       100%        7


Dungeon Overview and Level Annotations

Branches:
Dungeon (13/15)            Temple (0/1) D:7            Lair (2/5) D:11
 Spider (0/4) Lair:2          Orc (0/2) D:12          Sewer (visited)
  Swamp: Lair:2-3    Shoals: Lair:2-3    Vaults: D:13-14

Altars:
Cheibriados
Fedhas
Qazlal
Ru
Vehumet

Shops:
D:2 *   D:7 *(!([


Innate Abilities, Weirdness & Mutations

You are too large for most types of armour.
You have claws for hands.
Your natural rate of healing is unusually fast.
You are covered in fur. (AC +1)
You have tough skin. (AC +1)


Message History

You are too confused!
You are too confused!
You are too confused!
You are too confused!
You are too confused!
You are too confused!
You are too confused!
You are too confused!
You are too confused!
You are too confused!
You are too confused!
You are too confused!
You are too confused!
You are too confused!
You claw the Hell Sentinel!
The Hell Sentinel is heavily wounded.
The Hell Sentinel hits you!!
* * * LOW HITPOINT WARNING * * *
The Hell Sentinel completely misses you.
You bump into the rock wall.
A golden eye comes into view.
The Hell Sentinel hits you but does no damage.
The Hell Sentinel hits you!
* * * LOW HITPOINT WARNING * * *
The golden eye moves out of view.
Okay, then.
You are too confused!
Your magical effects are unravelling.
You feel magically purged.
You feel less confused.
You feel your health improve. The Hell Sentinel hits you.
* * * LOW HITPOINT WARNING * * *
The Hell Sentinel hits you!
* * * LOW HITPOINT WARNING * * *
Blink to where?
Press: ? - help, Dir - move target
As you read the scroll of blinking, it crumbles to dust.
The Hell Sentinel gestures at you.
The sphere of damnation explodes!
The damnation engulfs you!!
You die...

# ########..##
#G#.... #.
..##..#.#.......
.#
##.###.##1.......
.....##....ยง....#
.#.............#
........##.....#
##.............#
#.............#
#@###.........#
#...##.#........
#.#.##.......##.
###.# #


You could see a Hell Sentinel.

Vanquished Creatures
  An Executioner (Abyss:3)
  Harold (D:10)
  A rakshasa (D:13)
  Fannar (Lair:2)
  3 centaur warriors (D:13)
  A catoblepas (Lair:2)
  3 two-headed ogres
  A boulder beetle (D:12)
  A tengu warrior (D:13)
  Urug (Lair:2)
  Nergalle (D:11)
  2 deep elf pyromancers
  2 cyclopes (D:13)
  2 manticores
  An ugly thing (D:13)
  Maurice (D:13)
  2 gargoyles
  A black mamba (Lair:1)
  A cane toad (Lair:2)
  An unseen horror (D:10)
  2 komodo dragons
  2 rime drakes (Lair:2)
  An ancient zyme (Abyss:3)
  2 trolls (D:11)
  Grinder (D:5)
  A polar bear (Lair:2)
  3 raiju (Abyss:3)
  8 slime creatures (D:12)
  A raiju (shapeshifter) (D:13)
  Eustachio (D:5)
  A shadow (D:13)
  33 yaks
  A water elemental (D:12)
  2 vampires
  3 wyverns
  A ynoxinul (Abyss:3)
  3 steam dragons (D:8)
  2 wraiths
  A basilisk (D:11)
  5 vampire mosquitoes
  A chaos spawn (Abyss:3)
  3 wargs (D:11)
  9 water moccasins
  2 acid dragons
  4 orc warriors
  2 black bears
  4 ice beasts
  2 ogres
  5 sky beasts
  2 centaurs
  4 wolves (Lair:2)
  2 large abominations (Abyss:3)
  A phantom (D:4)
  A kobold brigand (D:9)
  Blork the orc (D:5)
  4 gnoll sergeants
  2 scorpions
  6 bullfrogs
  11 wights
  5 killer bees (D:9)
  5 howler monkeys
  2 electric eels (D:12)
  7 orc priests
  2 hounds
  A gnoll bouda (D:8)
  Crazy Yiuf (D:5)
  12 orc wizards
  11 iguanas
  Robin (D:4)
  29 gnolls
  14 adders
  A white imp (D:6)
  3 ufetubi
  2 worms
  2 dart slugs
  38 orcs
  5 endoplasms
  15 giant cockroaches
  18 goblins
  9 hobgoblins
  7 jackals
  5 quokkas
  14 ball pythons
  4 bats
  14 frilled lizards
  11 kobolds
  9 rats
415 creatures vanquished.

Vanquished Creatures (collateral kills)
  A tengu warrior (D:13)
1 creature vanquished.

Vanquished Creatures (others)
  A sky beast (D:8)
  7 fungi (Lair:2)
  11 plants
19 creatures vanquished.

Grand Total: 435 creatures vanquished

Notes
Turn   | Place    | Note
-------+----------+-------------------------------------------
     0 | D:1      | purpskrrrp the Troll Fighter began the quest for the Orb.
     0 | D:1      | Reached XP level 1. HP: 22/22 MP: 0/0
   343 | D:1      | Reached XP level 2. HP: 29/29 MP: 1/1
   582 | D:1      | Reached skill level 3 in Unarmed Combat
   681 | D:1      | Identified a scroll of acquirement
   681 | D:1      | Acquired a manual of Shields
   797 | D:2      | Found Sezesipe's Assorted Antiques.
   842 | D:2      | Reached XP level 3. HP: 34/36 MP: 2/2
  1454 | D:3      | Found a glowing drain.
  1462 | D:3      | Reached skill level 4 in Unarmed Combat
  1462 | D:3      | Reached XP level 4. HP: 43/44 MP: 3/3
  1486 | Sewer    | Entered a sewer
  1728 | Sewer    | Reached XP level 5. HP: 43/50 MP: 4/4
  1772 | Sewer    | Reached skill level 5 in Unarmed Combat
  1778 | Sewer    | Reached skill level 5 in Shields
  1778 | Sewer    | Reached XP level 6. HP: 39/59 MP: 5/5
  3069 | D:4      | Reached skill level 6 in Unarmed Combat
  3126 | D:4      | Found a radiant altar of Vehumet.
  3131 | D:4      | Reached XP level 7. HP: 63/66 MP: 6/6
  3160 | D:4      | Found a blossoming altar of Fedhas.
  3361 | D:4      | Reached skill level 7 in Unarmed Combat
  3698 | D:4      | Noticed Robin
  3710 | D:4      | Killed Robin
  4205 | D:5      | Entered Level 5 of the Dungeon
  4214 | D:5      | Noticed Blork the orc
  4223 | D:5      | Killed Blork the orc
  4713 | D:5      | Reached skill level 8 in Unarmed Combat
  4713 | D:5      | Reached XP level 8. HP: 73/74 MP: 7/7
  4739 | D:5      | HP: 3/74 [poisoned by a water moccasin]
  4793 | D:5      | HP: 2/74 [orc warrior/+0 mace (9)]
  4870 | D:5      | Noticed Eustachio
  4879 | D:5      | Killed Eustachio
  4888 | D:5      | Noticed a gargoyle
  4898 | D:5      | Killed a gargoyle
  4899 | D:5      | Reached skill level 9 in Unarmed Combat
  4940 | D:5      | Found the +7 captain's cutlass {speed, disarm}
  4951 | D:5      | Noticed Grinder
  4956 | D:5      | Killed Grinder
  4957 | D:5      | Reached skill level 10 in Unarmed Combat
  4957 | D:5      | Reached XP level 9. HP: 80/80 MP: 8/8
  5006 | D:5      | Found a runed translucent door.
  5007 | D:5      | Noticed Crazy Yiuf
  5495 | D:5      | Killed Crazy Yiuf
  5885 | D:6      | Reached skill level 10 in Shields
  5885 | D:6      | Reached skill level 11 in Unarmed Combat
  6134 | D:7      | Found Nier's Antique Armour Boutique.
  6134 | D:7      | Found Sumuj's Weapon Shoppe.
  6188 | D:7      | Found Voppal's Antique Weapon Boutique.
  6229 | D:7      | Found Wipnuaga's General Store.
  6619 | D:7      | Found Hafan's Distillery.
  6677 | D:7      | Found a staircase to the Ecumenical Temple.
  6764 | D:7      | Found a snail-covered altar of Cheibriados.
  6764 | D:7      | Found a sacrificial altar of Ru.
  6770 | D:7      | Became a worshipper of Cheibriados the Contemplative
  6798 | D:8      | Noticed a two-headed ogre
  6805 | D:8      | Killed a two-headed ogre
  6806 | D:8      | Reached skill level 12 in Unarmed Combat
  6806 | D:8      | Reached XP level 10. HP: 26/88 MP: 2/9
  7418 | D:8      | Reached skill level 13 in Unarmed Combat
  7668 | D:8      | Reached * piety under Cheibriados
  8144 | D:9      | Reached ** piety under Cheibriados
  8156 | D:9      | HP: 3/88 [wyvern (8)]
  8453 | D:9      | Noticed a two-headed ogre
  8458 | D:9      | Killed a two-headed ogre
  8848 | D:10     | Entered Level 10 of the Dungeon
  9014 | D:10     | Noticed a centaur warrior
  9014 | D:10     | Noticed a cyclops
  9014 | D:10     | Noticed a skeletal warrior
  9015 | D:10     | Noticed a white ugly thing
  9030 | D:10     | Noticed a green ugly thing
  9043 | D:10     | Identified the ring "Paommafruz" {Will+ MP+9 Dex+3}
  9043 | D:10     | Noticed a tengu warrior
  9044 | D:10     | Noticed a six-headed hydra
  9045 | D:10     | Noticed a manticore
  9045 | D:10     | Noticed a boulder beetle
  9062 | D:10     | Reached XP level 11. HP: 78/94 MP: 8/10
  9200 | D:10     | Reached skill level 14 in Unarmed Combat
  9272 | D:10     | Found a stormy altar of Qazlal.
  9338 | D:10     | Noticed Harold
  9344 | D:10     | Killed Harold
  9362 | D:10     | Noticed a two-headed ogre
  9377 | D:10     | Killed a two-headed ogre
  9491 | D:10     | Reached *** piety under Cheibriados
  9865 | D:11     | Reached skill level 15 in Unarmed Combat
  9992 | D:11     | Noticed Nergalle
  9999 | D:11     | Killed Nergalle
 10021 | D:11     | Found a staircase to the Lair.
 10263 | D:11     | Reached **** piety under Cheibriados
 10601 | D:7      | Bought the +4 skin of Zhor {*Englaciate rC+++ SInv} for 798
                  | gold pieces
 10601 | D:7      | Found the +4 skin of Zhor {*Englaciate rC+++ SInv}
 10869 | D:12     | Reached skill level 16 in Unarmed Combat
 10869 | D:12     | Reached XP level 12. HP: 75/104 MP: 7/11
 10905 | D:12     | Noticed a boulder beetle
 10919 | D:12     | Killed a boulder beetle
 11312 | D:12     | Found a staircase to the Orcish Mines.
 11419 | D:13     | Reached ***** piety under Cheibriados
 11484 | D:13     | Noticed Maurice
 11497 | D:13     | Killed Maurice
 11563 | D:13     | Noticed a centaur warrior
 11573 | D:13     | Killed a centaur warrior
 11685 | D:13     | Noticed a centaur warrior
 11691 | D:13     | Killed a centaur warrior
 11692 | D:13     | Reached skill level 17 in Unarmed Combat
 11721 | D:13     | Noticed a tengu warrior
 11722 | D:13     | Noticed a tengu warrior
 11740 | D:13     | Killed a tengu warrior
 11762 | D:13     | Killed a tengu warrior
 12019 | D:13     | Noticed a centaur warrior
 12020 | D:13     | Noticed a rakshasa
 12030 | D:13     | Killed a rakshasa
 12032 | D:13     | Killed a centaur warrior
 12244 | Lair:1   | Entered Level 1 of the Lair of Beasts
 12290 | Lair:1   | Reached skill level 1 in Armour
 12355 | Lair:1   | Reached XP level 13. HP: 94/110 MP: 9/12
 12529 | Lair:1   | You fall into a shaft and drop 1 floor!
 12530 | Lair:2   | Found a hole to the Spider Nest.
 12557 | Lair:2   | Noticed Urug
 12568 | Lair:2   | Killed Urug
 12569 | Lair:2   | Reached skill level 18 in Unarmed Combat
 12933 | Lair:2   | Noticed Fannar
 12939 | Lair:2   | Killed Fannar
 13400 | Abyss:3  | Cast into level 3 of the Abyss (unwielding a weapon of
                  | distortion)
 13430 | Abyss:3  | Found a corrupted altar of Lugonu.
 13507 | Abyss:3  | Noticed an Executioner
 13514 | Abyss:3  | Killed an Executioner
 13585 | Abyss:3  | Noticed a Hell Sentinel
 13615 | Abyss:3  | Killed from afar by a Hell Sentinel

Illustrated notes

Levels and vault maps discovered:
D:1:      tarquinn_simple_flora_water_c, layout_basic
D:2:      layout_loops_cross, serial_shops, shop, minmay_tree_intersection
D:3:      layout_basic, portal_sewer_entry_a, chequers_jeans, nrook_uturn,
          minmay_hedge_maze, nicolae_elevator_lobby_asterisk
D:4:      kennysheep_goblin_castle, layout_loops_ring, old_standard_altar,
          fedhas_altar_1, kennysheep_orc_chapel
D:5:      layout_basic, patterned_corridor, uniq_grinder, uniq_eustachio,
          uniq_crazy_yiuf_cottage, uniq_blork_the_orc
D:6:      layout_rooms
D:7:      layout_loops_ring, gammafunk_temple_overflow_statue,
          minmay_temple_entry_from_below_b, serial_shops, kennysheep_mini_moat,
          nicolae_diamond_shop, nicolae_shop_window_shopping, shop, shop
D:8:      layout_loops_corners, grunt_ministairs_6, hangedman_misty_isle
D:9:      layout_loops_ring, ebering_dispersal_statue_hall,
          small_statue_intersection, minmay_misc_feat_encased,
          lightli_orcish_oven
D:10:     layout_irregular_city, nicolae_qazlal_style_of_elements, minivault_12,
          uniq_harold
D:11:     layout_loops_ring, erik_lair_orcish_takeover, minmay_lizard_king,
          uniq_nergalle
D:12:     layout_basic, orc_0_dummy, minmay_misc_feat_diagonals
D:13:     layout_basic, amcnicky_mini_rare_corridor_liquid, uniq_maurice
Lair:1:   layout_roguey, grunt_megastairs_2
Lair:2:   layout_hall_layers, dummy_spider_entry, uniq_urug, uniq_fannar
Abyss:3:  base: D:13, bh_abyss_exit_spiral, hangedman_abyss_exit_choices,
          hangedman_abyss_or_decor_clamps

Skill      XL: |  1  2  3  4  5  6  7  8  9 10 11 12 13 |
---------------+----------------------------------------+-----
Unarmed Combat | 3 4 5 6 8 10 12 13 16 17 18 | 18.7
Shields        | 3 4 5 7 9 11 12 13 14 | 14.5
Armour         | 1 3 |  3.6
Fighting       | |  2.4
Dodging        | |  2.4

Action                   |  1- 3 |  4- 6 |  7- 9 | 10-12 | 13-15 || total
-------------------------+-------+-------+-------+-------+-------++-------
Melee: Unarmed           |    78 |   167 |   275 |   531 |    92 ||  1143
       Mace              |       |       |       |       |     2 ||     2
Invok: Bend Time         |       |       |       |     1 |       ||     1
Evoke: Wand              |       |       |    14 |     3 |       ||    17
  Use: Scroll            |     1 |       |    13 |    18 |     3 ||    35
       Potion            |       |       |     3 |     2 |     1 ||     6
 Stab: Sleeping          |     1 |       |       |     1 |     2 ||     4
Armor: Robe              |    27 |    41 |    85 |     3 |       ||   156
       Steam dragon scal |       |       |       |    91 |       ||    91
       Animal skin       |       |       |       |    41 |    26 ||    67
Dodge: Dodged            |    36 |    54 |   100 |   159 |    30 ||   379
Block: Kite shield       |    21 |    64 |   118 |   301 |    55 ||   559

Table legend: (Time is in decaauts)
 A = Elapsed time spent in this place.
 B = Non-inter-level travel time spent in this place.
 C = Inter-level travel time spent in this place.
 D = Time resting spent in this place.
 E = Time spent auto-exploring this place.
 F = Levels seen in this place.
 G = Mean time per level.
                   A        B        C        D        E       F      G
               +--------+--------+--------+--------+--------+-----+--------+
         Total |  16662 |  15723 |    939 |    898 |  12080 |  17 |  980.1 |
       Dungeon |  13812 |  12948 |    864 |    841 |  10010 |  13 | 1062.5 |
          Lair |   1900 |   1825 |     75 |     57 |   1484 |   2 |  950.0 |
         Abyss |    322 |    322 |      0 |      0 |    223 |   1 |  322.0 |
         Sewer |    627 |    627 |      0 |      0 |    361 |   1 |  627.0 |
               +--------+--------+--------+--------+--------+-----+--------+

Top non-repeatable levels by time:
     D:8: 1505 daAuts
     D:5: 1326 daAuts
    D:11: 1312 daAuts
    D:10: 1223 daAuts
    D:13: 1211 daAuts
     D:9: 1191 daAuts
     D:4: 1155 daAuts
     D:3: 1101 daAuts
    D:12: 1059 daAuts
  Lair:1: 1046 daAuts
  Lair:2: 853 daAuts
     D:2: 723 daAuts
     D:1: 704 daAuts
     D:7: 704 daAuts
   Sewer: 627 daAuts
